 Dungeon Crawl Stone Soup version 0.28-a0-1447-ga5a8893891 (webtiles) character file.

Game seed: 2929996937261500268

348 oldriver the Skirmisher (level 6, -2/56 HPs)
             Began as a Troll Chaos Knight on Jan 11, 2022.
             Was a Plaything of Xom.
             Slain by Pikel (6 damage)
             ... on level 3 of the Dungeon.
             The game lasted 00:03:39 (2604 turns).

oldriver the Skirmisher (Troll Chaos Knight)        Turns: 2604, Time: 00:03:39

Health: -2/56      AC:  6    Str: 26      XL:     6   Next: 33%
Magic:  5/5        EV: 10    Int:  5 (6)  God:    Xom [*.....]
Gold:   91         SH:  0    Dex:  8 (9)  Spells: 5/5 levels left

rFire   . . .      SeeInvis .     - Unarmed
rCold   + . .      Faith    .   (no shield)
rNeg    . . .      Spirit   .   a - +2 robe
rPois   .          Reflect  .   (helmet restricted)
rElec   .          Harm     .   (no cloak)
rCorr   +          Rampage  .   (gloves unavailable)
Will    .....                   (boots unavailable)
Stlth   +.........              p - amulet of the Slug {RegenMP rC+ Str+3}
HPRegen 0.98/turn               b - ring of resist corrosion
MPRegen 0.49/turn               (no ring)

@: attractive, flying, invisible, unable to read
A: large, unfitting armour, claws 3, regeneration 1, shaggy fur 1, tough skin 1,
dopey 1, frail 1, inability to read while threatened, MP-powered wands
a: Renounce Religion


You were on level 3 of the Dungeon.
You worshipped Xom.
You were a special plaything of Xom.
You visited 1 branch of the dungeon, and saw 4 of its levels.

You collected 91 gold pieces.

Inventory:

Armour
 a - a +2 robe (worn)
Jewellery
 b - a ring of resist corrosion (left claw)
 p - the amulet of the Slug (around neck) {RegenMP rC+ Str+3}
   (You found it on level 4 of the Dungeon)

   [amulet of magic regeneration]

   It increases your rate of magic regeneration.
   Str:       It affects your strength (+3).
   rC:        It protects you from cold.
Wands
 h - a wand of flame (18)
 l - a wand of polymorph (4)
Scrolls
 d - 2 scrolls of identify {unknown}
 f - a scroll of immolation {unknown}
 g - a scroll of enchant armour {unknown}
 j - 2 scrolls of teleportation {unknown}
 k - a scroll of enchant weapon {unknown}
 r - a scroll of noise {unknown}
Potions
 c - a potion of haste {unknown}
 e - a potion of attraction
 i - 2 potions of mutation
 o - a potion of berserk rage {unknown}
 q - a potion of invisibility


   Skills:
 + Level 4.5 Fighting
 + Level 4.2 Dodging
 - Level 3.0 Unarmed Combat


You had 5 spell levels left.
You didn't know any spells.
Your spell library was empty.

Dungeon Overview and Level Annotations

Branches:
Dungeon (4/15)
 Temple: D:4-7

Altars:
Gozag
Xom

Shops:
D:4 =

Annotations:
D:3 Pikel


Innate Abilities, Weirdness & Mutations

You are too large for most types of armour.
You have claws for hands.
Your natural rate of healing is unusually fast.
You are covered in fur. (AC +1)
You have tough skin. (AC +1)
You are dopey. (Int -2)
You are frail. (-10% HP)
You sometimes lose the ability to read scrolls when taking damage.
You expend magic power (3 MP) to strengthen your wands.


Message History

You feel threatened and lose the ability to read scrolls!
Unknown command.
You can read scrolls again.
The adder skeleton bites you but does no damage.
Pikel hits you with a +2 whip of electrocution!
You feel threatened and lose the ability to read scrolls!
The lemure hits you but does no damage. The lemure closely misses you.
The adder skeleton barely misses you.
You climb upwards.
There is a stone staircase leading down here.
Pikel hits you with a +2 whip of electrocution!
You are electrocuted!
* * * LOW HITPOINT WARNING * * *
The lemure hits you but does no damage. The lemure closely misses you.
It was a potion of mutation.
You feel extremely strange.
You feel clever.
You feel healthier.
Your body's shape seems more normal.
You feel your magical essence link to the dungeon's wands.
You feel frail.
Pikel hits you with a +2 whip of electrocution.
* * * LOW HITPOINT WARNING * * *
You are electrocuted!
* * * LOW HITPOINT WARNING * * *
It was a potion of cancellation.
You feel magically purged. Pikel barely misses you.
It was a potion of flight.
You feel very buoyant.
You fly up into the air.
Xom thinks this is hilarious!
Pikel hits you with a +2 whip of electrocution.
* * * LOW HITPOINT WARNING * * *
It was a potion of attraction.
You feel attractive to monsters. Pikel hits you but does no damage.
It was a potion of invisibility.
You fade into invisibility!
Xom thinks this is hilarious!
Pikel hits you with a +2 whip of electrocution.
You die...
Xom chuckles heartily!

..# #.#####.###..####
#####.......# #.....#
##..........####.(#.###
.#....................#
.#.........####.#..##.#
.#..............#...#.#
##..............##....#
.'......†.......##5.#####
.#..............@K5>....#
.####.........#####.#.#.#
.# #######...# #.#.#.# .#
########## #.#.#.# .#
#.....# #.#.#.# .#
#.###.# #...#.# ##
#.#...# #####.#
#.#.##############.#
#.#................#


You could see Pikel and 2 lemures.

Vanquished Creatures
  A lemure (D:3)
  A centaur zombie (D:3)
  A hound (D:3)
  Natasha (thrice) (D:2)
  A hound skeleton (D:3)
  7 gnolls
  4 adders
  3 worms
  2 dart slugs (D:2)
  7 orcs
  6 endoplasms
  3 giant cockroaches
  10 goblins
  2 hobgoblins (D:3)
  5 jackals (D:2)
  2 quokkas (D:1)
  4 ball pythons
  6 bats
  4 frilled lizards
  9 kobolds
  A quokka skeleton (D:4)
  5 rats
87 creatures vanquished.

Vanquished Creatures (others)
  A lemure (D:3)
  An orc (D:3)
  A hobgoblin (D:3)
  A goblin (D:3)
  A rat (D:3)
5 creatures vanquished.

Grand Total: 92 creatures vanquished

Notes
Turn   | Place    | Note
-------+----------+-------------------------------------------
     0 | D:1      | oldriver the Troll Chaos Knight began the quest for the
                  | Orb.
     0 | D:1      | Reached XP level 1. HP: 22/22 MP: 0/0
   166 | D:1      | Reached XP level 2. HP: 29/29 MP: 1/1
   213 | D:1      | XOM is BORED!
   213 | D:1      | XOM: silly message
   617 | D:2      | Reached XP level 3. HP: 35/37 MP: 2/2
   682 | D:2      | XOM: 4-stop teleportation journey
  1012 | D:2      | Found a faded altar of an unknown god.
  1014 | D:2      | Noticed Natasha
  1017 | D:2      | XOM: potion effect (curing)
  1020 | D:2      | Killed Natasha
  1021 | D:2      | Reached XP level 4. HP: 37/45 MP: 3/3
  1068 | D:2      | Noticed Natasha
  1074 | D:2      | Killed Natasha
  1184 | D:2      | Noticed Natasha
  1191 | D:2      | Killed Natasha
  1353 | D:2      | XOM is BORED!
  1403 | D:2      | XOM: summons 2 hostile shadow creatures
  1407 | D:2      | XOM: give mutation
  1407 | D:2      | Gained mutation: You are dopey. (Int -2) [Xom's mischief]
  1532 | D:3      | Reached XP level 5. HP: 54/54 MP: 4/4
  1765 | D:3      | Found a shimmering altar of Xom.
  1871 | D:3      | XOM: swap monsters
  1874 | D:3      | Reached XP level 6. HP: 59/62 MP: 5/5
  1928 | D:3      | XOM: give mutations
  1928 | D:3      | Gained mutation: Armour fits poorly on your strangely
                  | shaped body. [Xom's mischief]
  1928 | D:3      | Gained mutation: You sometimes lose the ability to read
                  | scrolls when taking damage. [Xom's mischief]
  1928 | D:3      | Gained mutation: You are very dopey. (Int -4) [Xom's
                  | mischief]
  1928 | D:3      | Gained mutation: Your body sometimes deteriorates upon
                  | taking damage. [Xom's mischief]
  2100 | D:3      | XOM: stat loss: -1 Int (3/4)
  2108 | D:3      | XOM: stat loss: -1 Dex (8/9)
  2142 | D:3      | Found an opulent altar of Gozag.
  2161 | D:4      | Found Gezulewa's Jewellery Boutique.
  2190 | D:4      | Identified the amulet of the Slug {RegenMP rC+ Str+3}
  2272 | D:4      | XOM: confusion (+ monsters)
  2273 | D:4      | XOM: enchant monster (good)
  2302 | D:3      | XOM: cleaving
  2508 | D:4      | Noticed Pikel
  2516 | D:3      | XOM: divine lightning
  2600 | D:3      | Lost mutation: You are very dopey. (Int -4) [potion of
                  | mutation]
  2600 | D:3      | Lost mutation: Your body sometimes deteriorates upon taking
                  | damage. [potion of mutation]
  2600 | D:3      | Lost mutation: Armour fits poorly on your strangely shaped
                  | body. [potion of mutation]
  2600 | D:3      | Gained mutation: You expend magic power (3 MP) to
                  | strengthen your wands. [potion of mutation]
  2600 | D:3      | Gained mutation: You are frail. (-10% HP) [potion of
                  | mutation]
  2602 | D:3      | HP: 2/56 [Pikel (3)]
  2604 | D:3      | Slain by Pikel

Illustrated notes

Levels and vault maps discovered:
D:1:      lightli_arrival_quake, layout_loops_ring
D:2:      layout_loops_corners, shapermc_ecumenical_altar_starsandcircs,
          uniq_natasha
D:3:      layout_basic, overflow_temple_1_default, xom_confusion_cloud
D:4:      layout_rooms, fedhas_altar_4, serial_shops,
          nicolae_shop_temple_entry_statues_fountains, kennysheep_small_circle,
          uniq_pikel

Skill      XL: |  1  2  3  4  5 |
---------------+----------------+-----
Dodging        | 2 3 4 |  4.2
Fighting       | 3 4 |  4.5
Unarmed Combat | |  3.0

Action                   |  1- 3 |  4- 6 || total
-------------------------+-------+-------++-------
Melee: Unarmed           |    97 |   150 ||   247
       Punch             |     1 |     1 ||     2
  Use: Potion            |       |     6 ||     6
 Stab: Sleeping          |     3 |       ||     3
Armor: Robe              |    43 |    57 ||   100
Dodge: Dodged            |    53 |    82 ||   135

Table legend: (Time is in decaauts)
 A = Elapsed time spent in this place.
 B = Non-inter-level travel time spent in this place.
 C = Inter-level travel time spent in this place.
 D = Time resting spent in this place.
 E = Time spent auto-exploring this place.
 F = Levels seen in this place.
 G = Mean time per level.
                   A        B        C        D        E       F      G
               +--------+--------+--------+--------+--------+-----+--------+
         Total |   2610 |   2538 |     72 |    195 |   1676 |   4 |  652.5 |
       Dungeon |   2610 |   2538 |     72 |    195 |   1676 |   4 |  652.5 |
               +--------+--------+--------+--------+--------+-----+--------+

Top non-repeatable levels by time:
     D:2: 929 daAuts
     D:3: 885 daAuts
     D:1: 605 daAuts
     D:4: 189 daAuts
